 Dungeon Sprint DCSS version 0.31-a0-1074-g0b22e4e0f1 (webtiles) character file.

Game seed: 13829932424908997348

1743 BigDaddyOpFi the Fighter (level 8, -7/81 HPs)
             Began as a Minotaur Fighter on Dec 8, 2023.
             Was a Priest of Qazlal.
             Killed from afar by an efreet (25 damage)
             ... with a bolt of fire
             ... in the Dungeon (Sprint IX: "|||||||||||||||||||||||||||||").
             The game lasted 00:01:33 (439 turns).

BigDaddyOpFi the Fighter (Minotaur Fighter)          Turns: 439, Time: 00:01:34

Health: -7/81      AC: 12    Str: 26    XL:     8   Next: 77%
Magic:  8/14       EV: 12    Int:  5    God:    Qazlal [***...]
Gold:   0          SH: 10    Dex: 10    Spells: 7/7 levels left

rFire   . . .        n - +1 broad axe (heavy)
rCold   . . .        c - +0 buckler
rNeg    . . .        p - +1 scale mail
rPois   .            (helmet restricted)
rElec   .            o - +0 cloak
rCorr   .            (no gloves)
SInv    .            a - +0 pair of boots
Will    .....        (no amulet) Stlth
                     q - +2 ring of evasion
HPRegen 0.33/turn    r - +3 ring of strength
MPRegen 0.14/turn

%: no teleportation
@: no status effects
A: horns 2, retaliatory headbutt
a: Renounce Religion, Upheaval, Elemental Force


You were in the Dungeon.
You worshipped Qazlal.
Qazlal was most pleased with you.
You visited 1 branch

Inventory:

Hand Weapons
 n - a +1 heavy broad axe (weapon)
Armour
 a - a +0 pair of boots (worn)
 c - a +0 buckler (worn)
 o - a +0 cloak (worn)
 p - a +1 scale mail (worn)
Jewellery
 q - a +2 ring of evasion (left hand)
 r - a +3 ring of strength (right hand)
Wands
 m - a wand of light (9) (quivered)
Scrolls
 j - 2 scrolls of blinking
 l - 2 scrolls of amnesia
Potions
 d - a potion of might
 e - 5 potions of curing
 g - a potion of haste
 h - 4 potions of magic
 i - a potion of berserk rage
 k - a potion of invisibility


   Skills:
 + Level 10.9 Fighting
 + Level 10.5 Axes
 + Level 10.7 Armour
 + Level 10.7 Shields
 * Level 10.3 Invocations


You had 7 spell levels left.
You didn't know any spells.
Your spell library was empty.

Dungeon Overview and Level Annotations

Branches:
Dungeon (1/1)

Altars:
Cheibriados
Dithmenos
Elyvilon
Fedhas
Gozag
Hepliaklqana
Kikubaaqudgha
Makhleb
Nemelex Xobeh
Okawaru
Qazlal
Ru
Sif Muna
Trog
Uskayaw
Vehumet
Wu Jian
Xom
Yredelemnul
Zin
The Shining One
Jiyva
Lugonu


Innate Abilities, Weirdness & Mutations

You have a pair of horns on your head.
You reflexively headbutt those who attack you in melee.


Message History

Unknown command.
The gnoll sergeant hits you with a +0 spear.
There is an open door, spattered with blood here.
You see here 5 large rocks.
You slice the gnoll sergeant!! You headbutt the gnoll sergeant.
You kill the gnoll sergeant!
Qazlal accepts your kill.
You can now give life to nearby clouds.
The meliai barely misses you.
The meliai stings you but does no damage.
You block the meliai's attack. x2
Your Invocations skill increases to level 10!
You hit the meliai.
The meliai is lightly wounded.
The meliai hits you! You block the meliai's attack.
The meliai closely misses you.
The meliai stings you but does no damage.
The meliai hits you but does no damage. The meliai stings you!
Aiming: Upheaval
Press: ? - help, Dir - move target, f - efreet
Aim: an efreet, wielding a +3 scimitar of flaming Magma suddenly erupts from the ground!
The blast of magma engulfs the efreet!
The efreet partially resists.
The efreet is moderately wounded.
The blast of magma engulfs the meliai!
The meliai is heavily wounded.
You can no longer give life to nearby clouds.
The meliai hits you but does no damage. The meliai misses you.
You block the meliai's attack. The meliai closely misses you.
Unknown command.
You slice the meliai!!
You kill the meliai!
Qazlal accepts your kill.
You can now give life to nearby clouds.
The efreet gestures at you. The bolt of fire hits you!!
* * * LOW HITPOINT WARNING * * *
You slash the efreet!
The efreet is severely wounded.
The efreet gestures at you. The bolt of fire hits you!!
You die... ▓▓▓▓▓▓▓▓▓▓▓▓▓▓▓▓▓▓▓▓▓▓▓▓ +....○R@......)[.....).. ▓▓▓▓▓▓▓▓▓▓▓▓▓▓▓▓▓▓▓▓▓▓▓▓

You could see an efreet.

Vanquished Creatures
  A cyclops (D)
  A troll (D)
  A meliai (shapeshifter) (D)
  A wyvern (D)
  3 vampire mosquitoes (D)
  An acid dragon (D)
  A centaur (D)
  A kobold brigand (D)
  A gnoll sergeant (D)
  2 hounds (D)
  A sleepcap (D)
  A worm (D)
  An orc (D)
  A bat (D)
  An endoplasm (D)
  A quokka (D)
  A kobold (D)
  A rat (D)
21 creatures vanquished.

Notes
Turn   | Place    | Note
-------+----------+-------------------------------------------
     0 | D        | BigDaddyOpFi the Minotaur Fighter began the quest for the
                  | Orb.
     0 | D        | Reached XP level 1. HP: 19/19 MP: 0/0
   120 | D        | Noticed a hound
   120 | D        | Noticed a sleepcap
   120 | D        | Noticed a hound
   129 | D        | Killed a hound
   130 | D        | Reached skill level 5 in Fighting
   130 | D        | Reached skill level 5 in Armour
   130 | D        | Reached skill level 5 in Shields
   130 | D        | Reached XP level 2. HP: 23/29 MP: 1/1
   130 | D        | Reached XP level 3. HP: 29/36 MP: 2/2
   135 | D        | Reached skill level 5 in Axes
   136 | D        | Reached XP level 4. HP: 38/44 MP: 3/3
   194 | D        | Found a snail-covered altar of Cheibriados.
   194 | D        | Found a shadowy altar of Dithmenos.
   194 | D        | Found a white marble altar of Elyvilon.
   194 | D        | Found a blossoming altar of Fedhas.
   194 | D        | Found an opulent altar of Gozag.
   195 | D        | Found a hazy altar of Hepliaklqana.
   196 | D        | Found a viscous altar of Jiyva.
   197 | D        | Found an ancient bone altar of Kikubaaqudgha.
   198 | D        | Found a corrupted altar of Lugonu.
   199 | D        | Found a burning altar of Makhleb.
   200 | D        | Found a sparkling altar of Nemelex Xobeh.
   201 | D        | Found an iron altar of Okawaru.
   202 | D        | Found a stormy altar of Qazlal.
   203 | D        | Found a sacrificial altar of Ru.
   204 | D        | Found a shimmering blue altar of Sif Muna.
   205 | D        | Found a bloodstained altar of Trog.
   206 | D        | Found a hide-covered altar of Uskayaw.
   207 | D        | Found a radiant altar of Vehumet.
   208 | D        | Found an ornate altar of the Wu Jian Council.
   209 | D        | Found a shimmering altar of Xom.
   210 | D        | Found a basalt altar of Yredelemnul.
   212 | D        | Became a worshipper of Qazlal Stormbringer
   214 | D        | Found a glowing silver altar of Zin.
   215 | D        | Found a glowing golden altar of the Shining One.
   268 | D        | Noticed a wyvern
   268 | D        | Noticed a troll
   268 | D        | Noticed an acid dragon
   268 | D        | Noticed a kobold brigand
   268 | D        | Noticed a centaur
   268 | D        | Noticed a vampire mosquito
   269 | D        | Killed a vampire mosquito
   270 | D        | Reached XP level 5. HP: 50/52 MP: 3/7
   270 | D        | Killed a centaur
   271 | D        | Reached skill level 5 in Invocations
   271 | D        | Reached XP level 6. HP: 60/61 MP: 3/8
   273 | D        | Reached * piety under Qazlal
   275 | D        | Killed a troll
   276 | D        | Reached XP level 7. HP: 28/70 MP: 4/11
   287 | D        | Killed a wyvern
   287 | D        | Reached ** piety under Qazlal
   428 | D        | Noticed an efreet
   428 | D        | Noticed a meliai
   428 | D        | Noticed a cyclops
   428 | D        | Noticed a vampire mosquito
   428 | D        | Noticed a vampire mosquito
   430 | D        | Killed a vampire mosquito
   431 | D        | Killed a vampire mosquito
   432 | D        | Reached skill level 10 in Fighting
   432 | D        | Reached XP level 8. HP: 79/79 MP: 9/13
   433 | D        | Killed a cyclops
   434 | D        | Reached skill level 10 in Axes
   434 | D        | Reached skill level 10 in Armour
   434 | D        | Reached skill level 10 in Shields
   435 | D        | Reached *** piety under Qazlal
   436 | D        | Reached skill level 10 in Invocations
   438 | D        | Killed a meliai
   439 | D        | Killed from afar by an efreet

Illustrated notes

Levels and vault maps discovered:
D:        linesprint [early_d, line_temple, items_1, d_10, items_2, lair_1,
          lair_end, items_3, orc_1, orc_end, items_4, d_15, swamp_1, shoals_1,
          snake_1, spider_1, d_20, vaults_1, items_5, swamp_end, shoals_end,
          snake_end, spider_end, vaults_end, d_27, items_6, zot_1, zot_end,
          crypt_end, forest_end, elf_end, slime_end, tomb_end, abyss_end,
          pan_hell_end]

Skill      XL: |  1  2  3  4  5  6  7  8 |
---------------+-------------------------+-----
Fighting       | 5 7 9 10 | 10.9
Axes           | 4 5 7 8 9 10 | 10.5
Armour         | 5 7 8 9 10 | 10.7
Shields        | 5 7 8 9 10 | 10.7
Invocations    | 4 5 7 9 10 | 10.3

Action                     |  1- 3 |  4- 6 |  7- 9 || total
---------------------------+-------+-------+-------++-------
  Melee: War axe           |    26 |    12 |       ||    38
         Headbutt          |     4 |     1 |     3 ||     8
         Broad axe         |       |     7 |    16 ||    23
 Invoke: Upheaval          |       |       |     2 ||     2
  Evoke: Wand              |       |       |     1 ||     1
    Use: Potion            |       |       |     3 ||     3
 Armour: Scale mail        |    13 |    19 |    27 ||    59
  Dodge: Dodged            |    11 |     8 |    15 ||    34
  Block: Buckler           |     9 |     9 |    11 ||    29

Table legend: (Time is in decaauts)
 A = Elapsed time spent in this place.
 B = Non-inter-level travel time spent in this place.
 C = Inter-level travel time spent in this place.
 D = Time resting spent in this place.
 E = Time spent auto-exploring this place.
 F = Levels seen in this place.
 G = Mean time per level.
                   A        B        C        D        E       F      G
               +--------+--------+--------+--------+--------+-----+--------+
         Total |    467 |    467 |      0 |    265 |      0 |   1 |  467.0 |
       Dungeon |    467 |    467 |      0 |    265 |      0 |   1 |  467.0 |
               +--------+--------+--------+--------+--------+-----+--------+

Top non-repeatable levels by time:
       D: 467 daAuts
